 Dungeon Crawl Stone Soup version 0.18.1-48-g4cf74bf (console) character file.

163 utis the Chopper (level 5, 0/45 HPs)
             Began as a Hill Orc Fighter on Aug 31, 2016.
             Slain by a worker ant (3 damage)
             ... on level 3 of the Dungeon.
             The game lasted 00:06:04 (3134 turns).

utis the Chopper (Hill Orc Fighter)                 Turns: 3134, Time: 00:06:04

Health: 0/45       AC:  6    Str: 19    XL:     5   Next: 44%
Magic:  5/5        EV:  7    Int:  9    God:
Gold:   75         SH:  9    Dex: 10    Spells: 0 memorised, 4 levels left

rFire  . . .     SeeInvis .     a - +0 war axe
rCold  . . .     Gourm    .     b - +0 scale mail
rNeg   . . .     Faith    .     c - +0 shield
rPois  .         Spirit   .     (no helmet)
rElec  .         Dismiss  .     (no cloak)
rCorr  .         Reflect  .     (no gloves)
SustAt .         Harm     .     (no boots)
MR     .....                    (no amulet)
Stlth  ..........               (no ring)
                                (no ring)

@: lethally poisoned (0 -> -8), not resistant to hostile enchantments, extremely
unstealthy
A: no striking features
a: no special abilities


You were on level 3 of the Dungeon.
You were not hungry.

You visited 1 branch of the dungeon, and saw 3 of its levels.

You collected 75 gold pieces.

Inventory:

Hand Weapons
 a - a +0 war axe (weapon)
Missiles
 m - 115 stones (quivered)
 y - 3 tomahawks
Armour
 b - a +0 scale mail (worn)
 c - a +0 shield (worn)
 w - a cursed +0 cloak
Jewellery
 h - a cursed ring of loudness {unknown}
 i - a cursed amulet of magic regeneration {unknown}
Scrolls
 j - 4 scrolls of identify {unknown}
 l - a scroll of fog {unknown}
 o - 2 scrolls of magic mapping {unknown}
 p - 4 scrolls of remove curse {unknown}
 u - a scroll of noise {unknown}
 v - a scroll of enchant weapon {unknown}
 x - a scroll of recharging {unknown}
Potions
 d - a potion of might
 e - a potion of mutation {unknown}
 k - a potion of magic {unknown}
 q - a potion of brilliance {unknown}
 r - 2 potions of lignification {unknown}
Comestibles
 f - 6 bread rations {@e1}
 g - 5 chunks of flesh
 n - a meat ration {@e1}
 s - a fruit {@e2}
 t - a beef jerky {@e2}


   Skills:
 - Level 3.6 Fighting
 + Level 7.2 Axes
 - Level 3.2 Armour
 - Level 3.2 Shields


You had 4 spell levels left.
You didn't know any spells.

Dungeon Overview and Level Annotations

Branches:
Dungeon (3/15)

Altars:


Message History

The worker ant bites you.
* * * LOW HITPOINT WARNING * * *
You are more poisoned.
The worker ant poisons you!
The worker ant bites you but does no damage.
You closely miss the worker ant.
The worker ant is severely wounded.
* * * LOW HITPOINT WARNING * * *
You feel sick. You block the worker ant's attack.
The worker ant bites you but does no damage.
You closely miss the worker ant.
The worker ant is severely wounded.
* * * LOW HITPOINT WARNING * * *
You feel sick. The worker ant bites you.
* * * LOW HITPOINT WARNING * * *
You barely miss the worker ant.
The worker ant is severely wounded.
* * * LOW HITPOINT WARNING * * *
You feel sick. The worker ant bites you.
You die...

░░........░.░░░░...░░░░░
░░░.░......░░░░░...░░░.
░░░░░.░..........░░..░░..
░.....░..................
░░.░░░░░.................░
░..░░ ░░░░░..➘.░░░░░.░░..
░...░ ░.➘......░░░..░.░
░░░.░░░░░░a░░........░....
░.░░...o.░░...░.░░...░.░
░░░░.░░.░░░░░░...░.░░░.....
░.........░░░░...g.........
░.........░░......g........
░............░...░░g..░░░.░
░.........░░░░░▒▒▒▒''▒▒ ▒.░
░.........░ ▓..▓ ▒▒.
░.........░ ..g. ▒▒
░░░..░░░░░░ .....


You could see a worker ant.

Vanquished Creatures
  Ijyb (D:2)
  4 gnolls (D:3)
  3 adders (D:2)
  3 worms
  A dart slug (D:1)
  2 giant geckos (D:3)
  2 giant cockroaches
  7 goblins
  7 hobgoblins
  7 kobolds
  A ball python (D:1)
  8 bats
  8 giant newts
  14 rats
68 creatures vanquished.

Notes
Turn   | Place    | Note
--------------------------------------------------------------
     0 | D:1      | utis the Hill Orc Fighter began the quest for the Orb.
     0 | D:1      | Reached XP level 1. HP: 19/19 MP: 1/1
    39 | D:1      | Reached skill level 3 in Axes
   190 | D:1      | Reached XP level 2. HP: 20/26 MP: 2/2
   485 | D:1      | Reached skill level 4 in Axes
   996 | D:2      | Reached XP level 3. HP: 31/31 MP: 3/3
  1131 | D:2      | Reached skill level 5 in Axes
  1289 | D:2      | Noticed Ijyb
  1292 | D:2      | Killed Ijyb
  1292 | D:2      | Reached XP level 4. HP: 39/39 MP: 4/4
  1700 | D:2      | Reached skill level 6 in Axes
  2754 | D:3      | Reached XP level 5. HP: 44/45 MP: 5/5
  2990 | D:3      | Reached skill level 7 in Axes
  3134 | D:3      | Slain by a worker ant

Skill      XL: |  1  2  3  4  5 |
---------------+----------------+-----
Axes           | 3 4 5 6 7 |  7.2
Fighting       | |  3.6
Armour         | |  3.2
Shields        | |  3.2

Action                   |  1- 3 |  4- 6 || total
-------------------------+-------+-------++-------
Melee: War axe           |   101 |   141 ||   242
Throw: Stone             |     1 |    18 ||    19
  Eat: Chunk             |     1 |     6 ||     7
Armor: Scale mail        |    47 |    44 ||    91
Dodge: Dodged            |    32 |    34 ||    66
Block: Shield            |    33 |    45 ||    78
